 Dungeon Crawl Stone Soup version 0.20.1-1-g8b1a95d (webtiles) character file.

64 pstr the Conjurer (level 4, -2/24 HPs)
             Began as a Kobold Conjurer on Nov 12, 2017.
             Killed from afar by Sigmund (10 damage)
             ... with a magic dart
             ... on level 2 of the Dungeon.
             The game lasted 00:05:41 (1624 turns).

pstr the Conjurer (Kobold Conjurer)                 Turns: 1624, Time: 00:05:42

Health: -2/24      AC:  2    Str: 10    XL:     4   Next: 32%
Magic:  1/7        EV: 15    Int: 17    God:
Gold:   75         SH:  0    Dex: 15    Spells: 5/8 levels left

rFire    . . .     SeeInvis .   p - +0 short sword
rCold    . . .     Gourm    .   (shield restricted)
rNeg     . . .     Faith    .   a - +0 robe
rPois    .         Spirit   .   (no helmet)
rElec    .         Reflect  .   (no cloak)
rCorr    .         Harm     +   (no gloves)
MR       .....                  (no boots)
Stlth    +.........             q - amulet of harm
Regen    0.1/turn               (no ring)
MPRegen  0.1/turn               (no ring)

@: confused, mighty
A: carnivore 3
a: no special abilities


You were on level 2 of the Dungeon.
You were completely stuffed.

You visited 1 branch of the dungeon, and saw 2 of its levels.

You collected 75 gold pieces.

Inventory:

Hand Weapons
 p - a +0 short sword (weapon)
Missiles
 d - 162 stones (quivered)
Armour
 a - a +0 robe (worn)
Jewellery
 q - an amulet of harm (around neck)
Scrolls
 f - 2 scrolls of identify {unknown}
 h - a scroll of immolation {unknown}
 k - a scroll of remove curse {unknown}
 r - a scroll of enchant armour {unknown}
Potions
 e - a potion of might
 i - 2 potions of lignification {unknown}
 l - a potion of degeneration {unknown}
 m - a potion of cancellation {unknown}
 n - a potion of haste {unknown}
 o - 3 potions of brilliance {unknown}
Books
 b - a book of Conjurations

   Spells                             Type                      Level
   a - Magic Dart                     Conjuration                  1
   b - Searing Ray                    Conjuration                  2
   c - Dazzling Spray                 Conjuration/Hexes            3
   d - Fulminant Prism                Conjuration/Hexes            4
   e - Force Lance                    Conjuration/Translocation    4
   f - Iskenderun's Mystic Blast      Conjuration                  4
Comestibles
 c - a meat ration
 g - a chunk of flesh
 j - a royal jelly


   Skills:
 + Level 2.7 Dodging
 + Level 2.8 Stealth
 + Level 2.5 Spellcasting
 + Level 5.2 Conjurations


You had 5 spell levels left.
You knew the following spells:

 Your Spells              Type           Power        Failure   Level  Hunger
a - Magic Dart            Conj           ###.         2%          1    #......
b - Searing Ray           Conj           ###...       3%          2    ##.....


Dungeon Overview and Level Annotations

Branches:
Dungeon (2/15)

Altars:
Nemelex Xobeh
Xom

Annotations:
D:2 Sigmund


Innate Abilities, Weirdness & Mutations

You are small and have problems with some larger weapons.
You are carnivorous and can eat meat at any time.


Message History

Sigmund is almost dead.
Sigmund closely misses you.
You barely miss Sigmund.
Sigmund is almost dead.
You closely miss Sigmund.
Sigmund is almost dead.
Sigmund points at you and mumbles some strange words.
You are confused.
You're too confused to move!
Sigmund screams, "Don't try to resist!"
Sigmund hits you with a scythe!
You're too confused!
You're too confused to cast spells.
You're too confused!
You're too confused to cast spells.
You're too confused!
You're too confused to move!
Sigmund casts a spell at you. The magic dart hits you!
You die...

###.#######+## #.#
##...## ###.#
##.....#####
##.#.#
##..........##
....#
#.............
....
+............. ..#
#.........._8_ #@#
##.......#....
##@##
##.....##....
#...# ##...#####.#
#.#.# ##'## #..#
#...# #.# ##.##
##.## #.# ##..#
#.#######.###.#.##
##.........#.###.#
#....#....<## ##.
#.##.##...## ##


You could see Sigmund.

Vanquished Creatures
  2 gnolls (D:1)
  An ooze (D:1)
  A worm (D:2)
  A leopard gecko (D:1)
  6 giant cockroaches
  6 goblins
  4 hobgoblins (D:1)
  3 bats (D:1)
  2 frilled lizards (D:1)
  3 kobolds (D:1)
  5 rats
34 creatures vanquished.

Notes
Turn   | Place    | Note
-------+----------+-------------------------------------------
     0 | D:1      | pstr the Kobold Conjurer began the quest for the Orb.
     0 | D:1      | Reached XP level 1. HP: 10/10 MP: 3/3
   294 | D:1      | Reached XP level 2. HP: 15/15 MP: 0/5
   395 | D:1      | Learned a level 2 spell: Searing Ray
   579 | D:1      | Reached XP level 3. HP: 19/19 MP: 1/6
  1058 | D:1      | Reached skill level 5 in Conjurations
  1058 | D:1      | Reached XP level 4. HP: 19/24 MP: 2/7
  1358 | D:2      | Found a sparkling altar of Nemelex Xobeh.
  1360 | D:2      | Found a shimmering altar of Xom.
  1610 | D:2      | Noticed Sigmund
  1624 | D:2      | Killed from afar by Sigmund

Skill      XL: |  1  2  3 |
---------------+----------+-----
Conjurations   | 5 |  5.2
Dodging        | |  2.7
Stealth        | |  2.8
Spellcasting   | |  2.5

Action                   |  1- 3 |  4- 6 || total
-------------------------+-------+-------++-------
Melee: Unarmed           |     1 |       ||     1
       Short sword       |       |     3 ||     3
 Cast: Magic Dart        |    32 |     6 ||    38
       Searing Ray       |     8 |     6 ||    14
  Use: Potion            |       |     1 ||     1
  Eat: Chunk             |    10 |     2 ||    12
Armor: Robe              |     5 |       ||     5
Dodge: Dodged            |    19 |     3 ||    22
